 Dungeon Crawl Stone Soup version 0.29-a0-789-g7a8fcbc185 (webtiles) character file.

Game seed: 10587960139561020987

13416 bande the Cleaver (level 12, -4/73 HPs)
             Began as a Gargoyle Fighter on July 3, 2022.
             Was a Believer of Okawaru.
             Slain by a komodo dragon (20 damage)
             ... on level 1 of the Lair of Beasts.
             The game lasted 00:23:49 (15267 turns).

bande the Cleaver (Gargoyle Fighter)               Turns: 15267, Time: 00:23:50

Health: -4/73      AC: 28    Str: 20    XL:     12   Next: 5%
Magic:  23/23      EV:  5    Int: 10    God:    Okawaru [**....]
Gold:   791        SH: 13    Dex: 13    Spells: 9/11 levels left

rFire   . . .      SeeInvis .   a - +0 war axe (venom)
rCold   . . .      Faith    +   g - +2 kite shield
rNeg    + . .      Spirit   .   F - +0 plate armour
rPois   ∞          Reflect  .   n - +0 helmet
rElec   +          Harm     .   w - +2 cloak
rCorr   .          Rampage  .   (no gloves)
Will    .....                   D - +0 pair of boots
Stlth   ..........              E - amulet of faith
HPRegen 0.22/turn               A - ring of magical power
MPRegen 0.18/turn               (no ring)

@: marked
A: sickness immunity, AC +8, negative energy resistance 1, electricity
resistance, torment resistance 1, petrification resistance
a: Renounce Religion, Heroism


You were on level 1 of the Lair of Beasts.
You worshipped Okawaru.
Okawaru was pleased with you.
You visited 3 branches of the dungeon, and saw 13 of its levels.

You collected 791 gold pieces.

Inventory:

Hand Weapons
 a - a +0 war axe of venom (weapon)
 b - a +1 mace of protection
 z - the +8 shortbow "Yplouph" {flame, rElec Int+3}
   (You found it on level 2 of the Lair of Beasts)

   Any ammunition fired from it burns those it strikes, dealing additional fire
   damage.
   Int:       It affects your intelligence (+3).
   rElec:     It insulates you from electricity.
 G - a +2 antimagic flail
Armour
 g - a +2 kite shield (worn)
 n - a +0 helmet (worn)
 v - the +1 leather armour of the Grinning Gods {rC+ Dex+3 Slay+5}
   (You found it on level 4 of the Dungeon)

   Dex:       It affects your dexterity (+3).
   Slay:      It affects your accuracy & damage with ranged weapons and melee
   (+5).
   rC:        It protects you from cold.
 w - a +2 cloak (worn)
 D - a +0 pair of boots (worn)
 F - a +0 plate armour (worn)
Jewellery
 i - an amulet of the acrobat
 t - a ring of wizardry
 A - a ring of magical power (left hand)
 E - an amulet of faith (around neck)
 H - a ring of wizardry
 M - a ring of protection from cold
Wands
 o - a wand of mindburst (19)
 s - a wand of polymorph (24)
 u - a wand of roots (33)
 J - a wand of quicksilver (3)
Scrolls
 c - 2 scrolls of brand weapon
 k - 4 scrolls of fog
 r - 4 scrolls of teleportation
 x - 2 scrolls of fear
 y - 2 scrolls of silence
 C - a scroll of enchant armour {unknown}
 K - a scroll of magic mapping
 L - 2 scrolls of blinking
Potions
 d - 2 potions of might
 e - a potion of cancellation
 f - 5 potions of curing
 h - a potion of invisibility
 j - 2 potions of heal wounds
 l - 2 potions of berserk rage
 m - 2 potions of resistance
 p - 5 potions of flight
 q - a potion of magic
 B - a potion of lignification {unknown}
 I - 3 potions of ambrosia


   Skills:
 + Level 7.9 Fighting
 + Level 10.6 Axes
 + Level 8.7 Armour
 + Level 9.8 Shields
 * Level 0.4 Translocations
 * Level 3.0 Invocations
 * Level 7.2 Evocations


You had 9 spell levels left.
You knew the following spells:

 Your Spells              Type           Power      Damage    Failure   Level
a - Blink                 Tloc           0%         N/A       100%        2

Your spell library contained the following spells:

 Spells                   Type           Power      Damage    Failure   Level
 Freeze                   Ice            0%         1d3       100%        1
 Sandblast                Erth           0%         2d4       100%        1
 Passwall                 Tmut/Erth      0%         N/A       100%        2
 Frozen Ramparts          Ice            0%         1d2       100%        3
 Gell's Gravitas          Tloc           0%         N/A       100%        3
 Lesser Beckoning         Tloc           0%         N/A       100%        3
 Stone Arrow              Conj/Erth      0%         3d7       100%        3
 Teleport Other           Tloc           0%         N/A       100%        3
 Hailstorm                Conj/Ice       0%         3d3       100%        4
 Fireball                 Conj/Fire      0%         3d3       100%        5
 Iskenderun's Battlesphe  Conj           0%         2d6       100%        5
 Manifold Assault         Tloc           0%         N/A       100%        5
 Conjure Ball Lightning   Conj/Air       0%         3x3d6     100%        6
 Orb of Destruction       Conj           0%         9d5       100%        7
 Storm Form               Tmut/Air       0%         N/A       100%        7


Dungeon Overview and Level Annotations

Branches:
Dungeon (10/15)            Temple (1/1) D:5            Lair (2/6) D:10
  Swamp: Lair:2-4    Shoals: Lair:2-4     Snake: Lair:2-4    Spider: Lair:2-4
    Orc: D:9-12

Altars:
Ashenzari
Cheibriados
Dithmenos
Elyvilon
Fedhas
Gozag
Hepliaklqana
Kikubaaqudgha
Makhleb
Nemelex Xobeh
Okawaru
Qazlal
Ru
Sif Muna
Trog
Uskayaw
Vehumet
Wu Jian
Xom
Yredelemnul
Zin
The Shining One

Shops:
D:7 [   D:8 (   D:10 *

Annotations:
D:10 exclusion: oklob plant


Innate Abilities, Weirdness & Mutations

You are immune to sickness and miasma.
Your stone body is resilient. (AC +8)
You are immune to poison.
You resist negative energy. (rN+)
You are resistant to electric shocks. (rElec)
You are resistant to unholy torment.
You are immune to petrification.


Message History

You barely miss the komodo dragon.
The komodo dragon is lightly wounded.
The komodo dragon bites you!
You slash the komodo dragon!
The komodo dragon is heavily wounded.
The komodo dragon barely misses you. The komodo dragon bites you!
You are too injured to fight recklessly!
You are too injured to fight recklessly!
You are too injured to fight recklessly!
You are too injured to fight recklessly!
You are too injured to fight recklessly!
You are too injured to fight recklessly!
You are too injured to fight recklessly!
You are too injured to fight recklessly!
You are too injured to fight recklessly!
You barely miss the komodo dragon.
The komodo dragon is heavily wounded.
A yak comes into view.
You block the komodo dragon's attack.
Unknown command.
You closely miss the komodo dragon.
The komodo dragon is heavily wounded.
The komodo dragon bites you!
* * * LOW HITPOINT WARNING * * *
Unknown command.
You hit the komodo dragon.
The komodo dragon is heavily wounded.
The komodo dragon bites you.
* * * LOW HITPOINT WARNING * * *
You hit the komodo dragon but do no damage.
The komodo dragon looks as sick as possible!
The komodo dragon is severely wounded.
You block the komodo dragon's attack.
Unknown command.
You hit the komodo dragon but do no damage.
The komodo dragon is severely wounded.
You slash the yak!
The yak is poisoned.
The yak gores you but does no damage.
A bullfrog comes into view.
The komodo dragon bites you!!
You die...

# #............#
##.##...........#
................#
................#
##P###..##.##...##
## #..#####?Y.P#
..... #...##
........ #.Y..#
..........# #.@.##
..........P #.l.#
..........###...#
........... .....
F...... ####.##..
#.. ... ... ....


You could see a komodo dragon (extremely poisoned), 2 yaks and a bullfrog.

Vanquished Creatures
  2 two-headed ogres
  A cane toad (Lair:2)
  A komodo dragon (Lair:1)
  A queen bee (D:10)
  2 trolls (D:10)
  A hornet (D:8)
  A shadow (D:10)
  37 yaks
  A basilisk (Lair:2)
  2 wyverns
  2 water moccasins
  4 sky beasts
  2 orc warriors (D:9)
  2 ice beasts
  3 black bears
  An ogre (D:7)
  2 centaurs
  5 wolves
  A phantom (D:5)
  5 kobold brigands
  A necrophage (D:4)
  A gnoll sergeant (D:10)
  5 bullfrogs
  A scorpion (D:6)
  5 wights (D:9)
  26 killer bees
  A howler monkey (D:6)
  4 hounds
  3 jellies
  3 orc priests
  A bouda (D:8)
  4 iguanas
  4 orc wizards
  12 gnolls
  8 adders
  2 shadow imps (D:7)
  2 white imps (D:7)
  3 ufetubi
  A worm (D:3)
  21 orcs
  6 ball pythons
  7 bats
  7 endoplasms
  2 giant cockroaches
  6 goblins
  10 hobgoblins
  2 jackals (D:5)
  7 quokkas
  3 frilled lizards (D:2)
  27 kobolds
  3 rats
264 creatures vanquished.

Vanquished Creatures (others)
  An orc wizard (D:9)
  2 fungi
  18 plants
21 creatures vanquished.

Grand Total: 285 creatures vanquished

Notes
Turn   | Place    | Note
-------+----------+-------------------------------------------
     0 | D:1      | bande the Gargoyle Fighter began the quest for the Orb.
     0 | D:1      | Reached XP level 1. HP: 14/14 MP: 1/1
   467 | D:1      | Found a faded altar of an unknown god.
   517 | D:1      | Reached XP level 2. HP: 19/19 MP: 2/2
   754 | D:2      | Reached skill level 2 in Axes
  1443 | D:2      | Reached XP level 3. HP: 19/23 MP: 3/3
  2308 | D:1      | Reached XP level 4. HP: 19/29 MP: 4/4
  2809 | D:3      | Reached skill level 3 in Axes
  2852 | D:3      | Reached XP level 5. HP: 25/33 MP: 5/5
  3753 | D:4      | Noticed a black bear
  3763 | D:4      | Killed a black bear
  3764 | D:4      | Reached skill level 4 in Axes
  3764 | D:4      | Reached XP level 6. HP: 38/38 MP: 6/6
  4121 | D:4      | Noticed a black bear
  4148 | D:4      | Identified the +1 leather armour of the Grinning Gods {rC+
                  | Dex+3 Slay+5}
  4187 | D:4      | Killed a black bear
  4188 | D:4      | Reached skill level 1 in Evocations
  4188 | D:4      | Reached XP level 7. HP: 35/44 MP: 7/7
  4562 | D:5      | Entered Level 5 of the Dungeon
  4676 | D:5      | Reached skill level 5 in Axes
  4791 | D:5      | Reached skill level 5 in Shields
  4858 | D:5      | Found a staircase to the Ecumenical Temple.
  4867 | Temple   | Entered the Ecumenical Temple
  5433 | D:5      | Noticed a yak
  5438 | D:5      | Noticed a yak
  5440 | D:5      | Noticed a yak
  5441 | D:5      | Killed a yak
  5442 | D:5      | Reached skill level 5 in Armour
  5442 | D:5      | Reached XP level 8. HP: 41/48 MP: 8/8
  5447 | D:5      | Killed a yak
  5454 | D:5      | Killed a yak
  6157 | D:5      | Reached skill level 6 in Axes
  6515 | D:6      | Reached skill level 5 in Fighting
  7114 | D:6      | Reached XP level 9. HP: 53/54 MP: 9/9
  7735 | D:7      | Reached skill level 7 in Axes
  7777 | D:7      | Found Umeluif's Armour Shop.
  8735 | D:8      | HP: 1/54 [wyvern (9)]
  9158 | D:8      | Reached skill level 8 in Axes
  9165 | D:8      | Reached XP level 10. HP: 35/60 MP: 10/10
  9475 | D:8      | Reached skill level 5 in Evocations
  9992 | D:8      | Found Haquant's Firing Range.
 10429 | D:9      | Noticed a two-headed ogre
 10440 | D:9      | Killed a two-headed ogre
 10470 | D:9      | Reached skill level 9 in Axes
 11452 | D:10     | Entered Level 10 of the Dungeon
 11917 | D:10     | Reached XP level 11. HP: 54/67 MP: 11/11
 13302 | D:10     | Noticed an oklob plant
 13590 | D:10     | Noticed a two-headed ogre
 13608 | D:10     | Killed a two-headed ogre
 13838 | D:10     | Found an iron altar of Okawaru.
 13845 | D:10     | Became a worshipper of Warmaster Okawaru
 13898 | D:10     | Reached skill level 10 in Axes
 13943 | D:10     | Reached skill level 1 in Invocations
 13950 | D:10     | Reached * piety under Okawaru
 14029 | D:10     | Found a hazy altar of Hepliaklqana.
 14110 | D:10     | Found Voexar's Fire Supplies.
 14191 | D:10     | Found a staircase to the Lair.
 14276 | D:10     | Reached ** piety under Okawaru
 14426 | Lair:1   | Entered Level 1 of the Lair of Beasts
 14935 | Lair:1   | You fall into a shaft and drop 1 floor!
 14953 | Lair:2   | Reached XP level 12. HP: 46/73 MP: 14/14
 14956 | Lair:2   | Learned a level 2 spell: Blink
 15122 | Lair:2   | Identified the +8 shortbow "Yplouph" {flame, rElec Int+3}
 15267 | Lair:1   | Slain by a komodo dragon

Illustrated notes

Levels and vault maps discovered:
D:1:      heliophobic_arrival_henge, layout_basic,
          hellmonk_ecumenical_altar_blasted
D:2:      layout_loops_corners
D:3:      layout_basic
D:4:      layout_loops_ring, minmay_puff
D:5:      layout_loops_corners, minmay_temple_entry_antechambers, minivault_19
D:6:      layout_gridville
D:7:      layout_basic, serial_shops, shop, nicolae_figureground_pulse
D:8:      layout_loops_corners, nicolae_shop_firing_range
D:9:      layout_roguey, enter_bailey_2, minivault_7
D:10:     minmay_inner_zag, layout_rooms, okawaru_trees_2,
          nicolae_hepliaklqana_hazy_memory, dpeg_oklobed_lair,
          nicolae_shop_fire_sale [nicolae_sub_dead_trees]
Temple:   mainiacjoe_temple_big_plus
Lair:1:   layout_gridlike, gammafunk_lair_bear_cave
Lair:2:   layout_cave_pods, guppyfry_snake_entry_island,
          portal_ice_cave_entry_pillars_2, gammafunk_ghost_necromancy,
          minivault_25

Skill      XL: |  1  2  3  4  5  6  7  8  9 10 11 12 |
---------------+-------------------------------------+-----
Axes           | 2 3 4 5 6 8 9 10 | 10.6
Armour         | 4 5 6 7 8 |  8.7
Fighting       | 4 5 6 7 |  7.9
Shields        | 4 5 6 8 9 |  9.8
Evocations     | 1 2 3 4 6 7 |  7.2
Invocations    | 2 3 |  3.0
Translocations | |  0.4

Action                   |  1- 3 |  4- 6 |  7- 9 | 10-12 || total
-------------------------+-------+-------+-------+-------++-------
Melee: War axe           |    94 |   110 |   296 |   576 ||  1076
  Use: Scroll            |     6 |     4 |     7 |     4 ||    21
       Potion            |       |       |     1 |     1 ||     2
Armor: Scale mail        |    16 |       |       |       ||    16
       Chain mail        |    61 |    71 |   164 |    92 ||   388
       Plate armour      |       |       |       |   304 ||   304
Dodge: Dodged            |    66 |    50 |    67 |   126 ||   309
Block: Buckler           |    25 |     6 |       |       ||    31
       Kite shield       |       |    64 |   194 |   464 ||   722

Table legend: (Time is in decaauts)
 A = Elapsed time spent in this place.
 B = Non-inter-level travel time spent in this place.
 C = Inter-level travel time spent in this place.
 D = Time resting spent in this place.
 E = Time spent auto-exploring this place.
 F = Levels seen in this place.
 G = Mean time per level.
                   A        B        C        D        E       F      G
               +--------+--------+--------+--------+--------+-----+--------+
         Total |  15569 |  15409 |    160 |   4255 |   8203 |  13 | 1197.6 |
       Dungeon |  14312 |  14179 |    133 |   3923 |   7555 |  10 | 1431.2 |
        Temple |    425 |    398 |     27 |      0 |    384 |   1 |  425.0 |
          Lair |    830 |    830 |      0 |    332 |    264 |   2 |  415.0 |
               +--------+--------+--------+--------+--------+-----+--------+

Top non-repeatable levels by time:
    D:10: 2171 daAuts
     D:9: 1925 daAuts
     D:7: 1817 daAuts
     D:2: 1630 daAuts
     D:5: 1522 daAuts
     D:8: 1203 daAuts
     D:1: 1142 daAuts
     D:4: 1111 daAuts
     D:6: 1004 daAuts
     D:3: 782 daAuts
  Lair:1: 587 daAuts
  Temple: 425 daAuts
  Lair:2: 243 daAuts
